 Dungeon Crawl Stone Soup version 0.30.0-15-g856e2d3f33 (webtiles) character file.

Game seed: 15260056324726443586

111 qw the Chopper (level 4, -6/28 HPs)
             Began as a Gargoyle Cinder Acolyte on May 18, 2023.
             Was a High Priest of Ignis.
             Mangled by a hell rat (10 damage)
             ... in a sewer.
             The game lasted 00:01:04 (2112 turns).

qw the Chopper (Gargoyle Cinder Acolyte)            Turns: 2112, Time: 00:01:04

Health: -6/28      AC: 15    Str: 19    XL:     4   Next: 92%
Magic:  5/5        EV: 10    Int: 15    God:    Ignis [*****.]
Gold:   222        SH:  0    Dex:  5    Spells: 5/5 levels left

rFire   + . .        Y - +1 broad axe
rCold   . . .        (no shield)
rNeg    + . .        c - +0 ring mail
rPois   inf          (no helmet)
rElec   +            (no cloak)
rCorr   .            (no gloves)
SInv    .            (no boots)
Will    .....        (no amulet) Stlth
                     (no ring)
HPRegen 0.24/turn    (no ring)
MPRegen 0.09/turn

%: no passive effects
@: fiery-armoured
A: sickness immunity, AC +3, negative energy resistance 1, electricity
resistance, torment resistance 1, petrification resistance
a: Renounce Religion, Fiery Armour, Foxfire Swarm, Rising Flame


You were in a sewer.
You worshipped Ignis.
Ignis was extremely pleased with you.
You visited 1 branch of the dungeon, and saw 3 of its levels.
You also visited: Sewer.

You collected 222 gold pieces.


Innate Abilities, Weirdness & Mutations

You are immune to sickness and miasma.
Your stone body is resilient. (AC +3)
You are immune to poison.
You resist negative energy. (rN+)
You are resistant to electric shocks. (rElec)
You are resistant to unholy torment.
You are immune to petrification.


   Skills:
 - Level 3.2 Fighting
 + Level 4.8 Axes
 - Level 1.0 Armour
 - Level 1.0 Spellcasting
 - Level 3.0 Fire Magic


You had 5 spell levels left.
You didn't know any spells.
Your spell library contained the following spells:

 Spells                   Type           Power      Damage    Failure   Level
 Scorch                   Fire           18%        2d5       19%         2

Inventory:

Hand Weapons
 a - a -1 hand axe of flaming
 Y - a +1 broad axe (weapon)
Armour
 c - a +0 ring mail (worn)
Scrolls
 f - 2 scrolls of identify
Potions
 g - a potion of curing

Dungeon Overview and Level Annotations

Branches:
Dungeon (3/15)              Sewer (1/1)

Altars:
Elyvilon
Xom


Message History

You see here a rat corpse.
You open the door.
A hell rat comes into view.
The hell rat roars deafeningly!
The hell rat moves out of view.
Found four items.
Found a gate leading back out of this place.
Found a scroll of identify, a potion of curing and a scroll of fear.
The hell rat bites you! The hell rat closely misses you.
There is an open door here.
You barely miss the hell rat.
The hell rat twitches its whiskers.
The hell rat bites you! The hell rat barely misses you.
2106 ||| INVOKING Fiery Armour.
A protective cloak of flame settles atop you.
The hell rat barely misses you.
You hit the hell rat.
The hell rat is moderately wounded.
The hell rat splashes around in the water. x2
You closely miss the hell rat.
The hell rat is moderately wounded.
The hell rat splashes around in the water.
You barely miss the hell rat.
The hell rat is moderately wounded.
The hell rat bites you. The hell rat barely misses you.
You barely miss the hell rat. Your punch misses the hell rat.
The hell rat is moderately wounded.
The hell rat bites you but does no damage.
The hell rat is burned by your cloak of flames.
The hell rat is moderately wounded.
The hell rat bites you but does no damage.
The hell rat is burned by your cloak of flames.
The hell rat is severely wounded.
You closely miss the hell rat.
The hell rat is severely wounded.
The hell rat closely misses you.
You hit the hell rat.
The hell rat is severely wounded.
The hell rat bites you!
You die...

#########
###.~~.~~~###
#.~~.~~%.~~~###
...~.##@##.~~~.#
~~~ #.r~###~..##
. .~~~~~~##%.~# .
#..~~~~.~.#~..#
..##~?!!?!~##~~~#
~..###"\?###~~~##
~.~~~#####~~.~.#
#~~.~~\...~.###
###~~~\~~.###


You could see a hell rat.

Vanquished Creatures
  Jessica (D:2)
  2 adders (D:2)
  2 river rats (Sewer)
  A worm (D:3)
  3 orcs (D:3)
  6 ball pythons
  4 bats
  4 endoplasms
  A giant cockroach (D:3)
  2 goblins (D:2)
  2 hobgoblins
  2 quokkas (D:1)
  A frilled lizard (D:1)
  4 kobolds
  10 rats
45 creatures vanquished.

Notes
Turn   | Place    | Note
-------+----------+-------------------------------------------
     0 | D:1      | qw the Gargoyle Cinder Acolyte began the quest for the Orb.
     0 | D:1      | Reached XP level 1. HP: 14/14 MP: 2/2
     0 | D:1      | 0 ||| qw: Version: 0.2-a-95-gc95f03d
     0 | D:1      | 0 ||| qw: Game counter: 27
     0 | D:1      | 0 ||| qw: Always use a shield: true
     0 | D:1      | 0 ||| qw: God list: Okawaru
     0 | D:1      | 0 ||| qw: Allow faded altars: false
     0 | D:1      | 0 ||| qw: Do Orc after D:15 true
     0 | D:1      | 0 ||| qw: Do second Lair branch before Depths: true
     0 | D:1      | 0 ||| qw: Lair rune preference: random
     0 | D:1      | 0 ||| qw: Plans: Normal
     0 | D:1      | 0 ||| PLANNING D:1-11
   200 | D:1      | Reached skill level 3 in Axes
   342 | D:1      | Reached XP level 2. HP: 14/19 MP: 3/3
   769 | D:1      | 769 ||| UPGRADING to +0 ring mail.
   779 | D:1      | 779 ||| DROPPING +0 robe.
   780 | D:1      | 780 ||| READING scroll labelled LOOBROK PYHANE.
   781 | D:1      | 781 ||| READING scroll labelled NOXICL OLLU.
   782 | D:1      | 782 ||| READING 2 scrolls labelled ICUWKUTZEO.
   783 | D:1      | 783 ||| READING scroll labelled OTITYF DONGEUB.
   792 | D:2      | Noticed Jessica
   796 | D:2      | 796 ||| Stepping ~*~*~tactically~*~*~ (hiding).
   815 | D:2      | 815 ||| INVOKING Fiery Armour.
   815 | D:2      | HP: 3/19 [Jessica/+0 club (4)]
   815 | D:2      | Killed Jessica
   816 | D:2      | Reached skill level 4 in Axes
   816 | D:2      | Reached XP level 3. HP: 4/23 MP: 4/4
   962 | D:2      | Reached skill level 1 in Armour
   999 | D:2      | 999 ||| Stepping ~*~*~tactically~*~*~ (stealth).
  1029 | D:2      | 1029 ||| Stepping ~*~*~tactically~*~*~ (hiding).
  1036 | D:2      | 1036 ||| Stepping ~*~*~tactically~*~*~ (hiding).
  1309 | D:2      | Reached XP level 4. HP: 22/28 MP: 5/5
  1376 | D:2      | 1376 ||| SWAPPING to +0 broad axe.
  1684 | D:2      | 1684 ||| READING scroll labelled PUAMIJ FOLINOU.
  1685 | D:2      | 1685 ||| READING scroll labelled LOACUP JUIHISS.
  1686 | D:2      | 1686 ||| READING 2 scrolls of identify.
  1686 | D:2      | 1686 ||| IDENTIFYING clear potion
  1687 | D:2      | 1687 ||| DROPPING potion of degeneration.
  1702 | D:3      | 1702 ||| PLANNING SEWER
  1710 | D:3      | 1710 ||| STAIRDANCE
  1808 | D:3      | 1808 ||| Stepping ~*~*~tactically~*~*~ (stealth).
  1875 | D:3      | Found a white marble altar of Elyvilon.
  1877 | D:3      | Found a shimmering altar of Xom.
  1991 | D:3      | Found a glowing drain.
  1992 | D:3      | 1992 ||| READING 3 scrolls of identify.
  1992 | D:3      | 1992 ||| IDENTIFYING glowing grey potion
  2017 | Sewer    | Entered a sewer
  2024 | Sewer    | 2024 ||| Stepping ~*~*~tactically~*~*~ (water).
  2105 | Sewer    | HP: 5/28 [hell rat (11)]
  2106 | Sewer    | 2106 ||| INVOKING Fiery Armour.
  2112 | Sewer    | Mangled by a hell rat

Levels and vault maps discovered:
D:1:      dpeg_arrival_rhombus, layout_loops_ring
D:2:      layout_basic, serial_bayou, serial_bayou_pond_d,
          serial_bayou_crossing, serial_bayou_shore_a, serial_bayou_pond_c,
          uniq_jessica
D:3:      layout_loops_ring, jmf_multi_god_temple, portal_sewer_entry_a
Sewer:    sewer_hellmonk_bad_rat

Skill      XL: |  1  2  3 |
---------------+----------+-----
Axes           | 3 4 |  4.8
Armour         | 1 |  1.0
Fighting       | |  3.2
Spellcasting   | |  1.0
Fire Magic     | |  3.0

Action                     |  1- 3 |  4- 6 || total
---------------------------+-------+-------++-------
  Melee: Hand axe          |    66 |       ||    66
         Broad axe         |       |    74 ||    74
         Punch             |       |     1 ||     1
 Invoke: Fiery Armour      |     1 |     1 ||     2
    Use: Scroll            |     4 |     4 ||     8
 Armour: Robe              |     4 |       ||     4
         Ring mail         |    14 |    45 ||    59
  Dodge: Dodged            |    30 |    38 ||    68

Table legend:
 A = Non-vault XP
 B = Vault XP
 C = Vault XP percentage of total XP
 D = Non-vault monster count
 E = Vault monster count
 F = Vault count percentage of total count
                 A         B        C        D         E       F
            +---------+---------+-------+---------+---------+-------
      Total |      79 |      80 |  50.3 |      34 |      11 |  24.4
            +---------+---------+-------+---------+---------+-------
        D:1 |      22 |       0 |   0.0 |      13 |       0 |   0.0
        D:2 |      46 |      37 |  44.6 |      15 |       1 |   6.2
        D:3 |      11 |      14 |  56.0 |       6 |       5 |  45.5
      Sewer |       0 |      29 | 100.0 |       0 |       5 | 100.0
            +---------+---------+-------+---------+---------+-------
